 Dungeon Crawl Stone Soup version 0.27-a0-1149-g4505690ab0 (webtiles) character file.

Game seed: 18015730928839225082

70 leviel the Chopper (level 4, -1/40 HPs)
             Began as a Minotaur Monk on May 13, 2021.
             Succumbed to Sigmund's poison
             ... on level 2 of the Dungeon.
             The game lasted 00:01:23 (1919 turns).

leviel the Chopper (Minotaur Monk)                  Turns: 1919, Time: 00:01:23

Health: -1/40      AC:  3    Str: 16    XL:     4   Next: 4%
Magic:  3/3        EV: 13    Int:  7    God:
Gold:   93         SH:  0    Dex: 13    Spells: 3/3 levels left

rFire    . . .     SeeInvis .   a - +0 hand axe
rCold    . . .     Faith    .   (no shield)
rNeg     . . .     Spirit   .   k - +0 leather armour
rPois    .         Reflect  .   (helmet restricted)
rElec    .         Harm     .   (no cloak)
rCorr    .         Rampage  .   (no gloves)
Will     .....                  (no boots)
Stlth    ++........             (no amulet)
HPRegen  0.13/turn              (no ring)
MPRegen  0.08/turn              (no ring)

@: lethally poisoned (-1 -> -18)
A: horns 2, retaliatory headbutt
a: no special abilities


You were on level 2 of the Dungeon.
You visited 1 branch of the dungeon, and saw 2 of its levels.

You collected 93 gold pieces.

Inventory:

Hand Weapons
 a - a +0 hand axe (weapon)
Armour
 k - a +0 leather armour (worn)
Scrolls
 c - a scroll of brand weapon {unknown}
 e - 2 scrolls of teleportation {unknown}
 f - a scroll of amnesia {unknown}
 j - a scroll of identify {unknown}
Potions
 d - 2 potions of cancellation {unknown}
 g - a potion of ambrosia {unknown}
 h - a potion of magic {unknown}
 i - a potion of lignification {unknown}


   Skills:
 + Level 4.2 Fighting
 * Level 4.8 Axes
 + Level 4.0 Dodging
 + Level 1.8 Stealth


You had 3 spell levels left.
You didn't know any spells.
Your spell library was empty.

Dungeon Overview and Level Annotations

Branches:
Dungeon (2/15)

Altars:

Annotations:
D:2 Sigmund


Innate Abilities, Weirdness & Mutations

You have a pair of horns on your head.
You reflexively headbutt those who attack you in melee.


Message History

The bat hits you. The bat barely misses you.
Sigmund casts a spell at himself.
Sigmund flickers and vanishes!
Deactivating autopickup; reactivate with Ctrl-A.
A ball python comes into view.
The ball python hisses angrily.
You hit the bat.
You kill the bat!
An adder comes into view.
Something hits you!
You are poisoned.
You feel sick. Something hits you.
You are more poisoned.
You barely miss something.
You feel very sick. Something hits you!
You are too injured to fight recklessly!
You are too injured to fight recklessly!
You are too injured to fight recklessly!
You are too injured to fight recklessly!
You are too injured to fight recklessly!
You are too injured to fight recklessly!
You are too injured to fight recklessly!
You are too injured to fight recklessly!
You are too injured to fight recklessly!
You are too injured to fight recklessly!
Unknown command.
You feel very sick. Something hits you.
* * * LOW HITPOINT WARNING * * *
You are more poisoned.
The ball python bites you but does no damage.
The ball python grabs you.
* * * LOW HITPOINT WARNING * * *
The ball python constricts you.
You escape the ball python's grasp.
* * * LOW HITPOINT WARNING * * *
You feel very sick.
You die...

#[....##'#######
#.....##.##.....
#.....##.##.....
#........#......
#........#...... .
#........#....##
...#########.............#ā‰ˆ
.......{...................
.......S..@......#.....#.#ā‰ˆ
.......Sā€ ........##......##
.................##.......
.................##........
#................##.....###
#...)............+......
#................###...#
#.................


You could see an adder and a ball python.

Vanquished Creatures
  2 adders (D:2)
  4 dart slugs
  2 endoplasms (D:1)
  3 goblins (D:1)
  6 hobgoblins
  4 kobolds (D:1)
  4 quokkas (D:1)
  2 ball pythons (D:1)
  5 bats
  3 frilled lizards
  7 rats
42 creatures vanquished.

Notes
Turn   | Place    | Note
-------+----------+-------------------------------------------
     0 | D:1      | leviel the Minotaur Monk began the quest for the Orb.
     0 | D:1      | Reached XP level 1. HP: 19/19 MP: 0/0
   161 | D:1      | Reached XP level 2. HP: 10/27 MP: 1/1
   882 | D:1      | Reached XP level 3. HP: 24/33 MP: 2/2
  1822 | D:2      | Reached XP level 4. HP: 40/40 MP: 3/3
  1910 | D:2      | Noticed Sigmund
  1918 | D:2      | HP: 2/40 [poisoned by Sigmund]
  1919 | D:2      | Succumbed to Sigmund's poison

Illustrated notes

Levels and vault maps discovered:
D:1:      sevenhm_arrival_forest_fort_small_3, layout_basic, minivault_14
D:2:      layout_basic, amcnicky_mini_rare_corridor_liquid, uniq_sigmund

Skill      XL: |  1  2  3 |
---------------+----------+-----
Axes           | 4 |  4.8
Fighting       | 4 |  4.2
Dodging        | 4 |  4.0
Stealth        | |  1.8

Action                   |  1- 3 |  4- 6 || total
-------------------------+-------+-------++-------
Melee: Hand axe          |    82 |     6 ||    88
       Headbutt          |    14 |     2 ||    16
 Stab: Sleeping          |     3 |     1 ||     4
Armor: Robe              |    10 |       ||    10
       Leather armour    |     2 |     2 ||     4
Dodge: Dodged            |    66 |     3 ||    69

Table legend: (Time is in decaauts)
 A = Elapsed time spent in this place.
 B = Non-inter-level travel time spent in this place.
 C = Inter-level travel time spent in this place.
 D = Time resting spent in this place.
 E = Time spent auto-exploring this place.
 F = Levels seen in this place.
 G = Mean time per level.
                   A        B        C        D        E       F      G
               +--------+--------+--------+--------+--------+-----+--------+
         Total |   1926 |   1823 |    103 |    306 |   1291 |   2 |  963.0 |
       Dungeon |   1926 |   1823 |    103 |    306 |   1291 |   2 |  963.0 |
               +--------+--------+--------+--------+--------+-----+--------+

Top non-repeatable levels by time:
     D:1: 1432 daAuts
     D:2: 494 daAuts
